 Dungeon Crawl Stone Soup version 0.28-a0-1206-g193881aaa2 (webtiles) character file.

Game seed: 9442219153942564074

310 leviel the Skirmisher (level 6, -2/56 HPs)
             Began as a Hill Orc Fighter on Dec 21, 2021.
             Slain by an orc priest (7 damage)
             ... on level 3 of the Dungeon.
             The game lasted 00:03:26 (2633 turns).

leviel the Skirmisher (Hill Orc Fighter)            Turns: 2633, Time: 00:03:27

Health: -2/56      AC: 13    Str: 21    XL:     6   Next: 41%
Magic:  6/6        EV:  6    Int:  8    God:
Gold:   70         SH:  4    Dex: 10    Spells: 5/5 levels left

rFire   . . .      SeeInvis .   a - +0 war axe
rCold   . . .      Faith    .   c - +0 buckler
rNeg    . . .      Spirit   .   i - +0 plate armour
rPois   .          Reflect  .   n - +0 helmet
rElec   .          Harm     .   (no cloak)
rCorr   .          Rampage  .   (no gloves)
Will    .....                   (no boots)
Stlth   ..........              (no amulet)
HPRegen 0.18/turn               (no ring)
MPRegen 0.10/turn               (no ring)

@: mighty
A: no striking features
a: Convert to Beogh


You were on level 3 of the Dungeon.
You visited 1 branch of the dungeon, and saw 3 of its levels.

You collected 70 gold pieces.

Inventory:

Hand Weapons
 a - a +0 war axe (weapon)
Missiles
 g - 64 poisoned darts (quivered)
Armour
 c - a +0 buckler (worn)
 i - a +0 plate armour (worn)
 n - a +0 helmet (worn)
Jewellery
 j - a +6 ring of strength
Wands
 l - a wand of flame (14)
Scrolls
 b - a scroll of enchant armour {unknown}
 e - a scroll of vulnerability {unknown}
 f - a scroll of summoning {unknown}
 h - a scroll of identify {unknown}
 k - 2 scrolls of magic mapping {unknown}
Potions
 d - 2 potions of curing {unknown}
 m - a potion of attraction {unknown}
 o - a potion of might
 p - a potion of cancellation {unknown}
 q - 2 potions of resistance {unknown}


   Skills:
 + Level 5.1 Fighting
 + Level 4.6 Axes
 + Level 2.4 Throwing
 + Level 4.6 Armour
 - Level 4.0 Shields


You had 5 spell levels left.
You didn't know any spells.
Your spell library contained the following spells:

 Spells                   Type           Power      Damage    Failure   Level
 Slow                     Hex            0%         N/A       100%        1
 Confusing Touch          Hex            0%         N/A       100%        3
 Vampiric Draining        Necr           0%         2d6       100%        3


Dungeon Overview and Level Annotations

Branches:
Dungeon (3/15)

Altars:
Vehumet


Message History

You are confused.
There are monsters nearby!
The orc priest calls down the wrath of Beogh upon you.
Beogh smites you!
You hear a shout!
You bump into the rock wall.
The orc wizard casts a spell.
The orc wizard flickers and vanishes!
Deactivating autopickup; reactivate with Ctrl-A.
The orc priest looks encouraged for a moment.
Something hits you but does no damage.
The orc priest mumbles some strange prayers to Beogh against you.
Beogh smites you!
* * * LOW HITPOINT WARNING * * *
You closely miss the orc priest. You completely miss something.
Something hits you but does no damage.
The orc priest hits you but does no damage.
Something hits you but does no damage.
You bump into the rock wall.
The orc priest barely misses you. Something hits you.
* * * LOW HITPOINT WARNING * * *
You feel less confused.
The orc priest hits you but does no damage.
Something hits you.
* * * LOW HITPOINT WARNING * * *
An orc comes into view. It is wielding a +0 mace.
The orc priest hits you with a +0 trident.
* * * LOW HITPOINT WARNING * * *
Something hits you but does no damage.
You barely miss the orc priest. You closely miss something.
The orc priest looks braver for a moment.
An orc comes into view. It is wielding a +0 flail.
Something hits you but does no damage.
You slash the orc priest!
The orc priest is severely wounded.
You miss something.
The orc priest hits you but does no damage.
Something hits you but does no damage.
The orc priest hits you with a +0 trident!
You die...

####.. # . #.... ## ..
#..###########.
..#######.............
...#...#..#####.....
#.#......# #.....
#...).#..# #.....
##.{.....# ##...#
#@####..# ###.### #o#
#..####...#


oo# ##......##### ##..# ##...### #. #.... ##...#####. #.##.####.).##....
#..............##. ###....###........ .......†..##...... You could see an orc
priest and 2 orcs.

Vanquished Creatures
  Sigmund (D:2)
  Natasha (thrice) (D:2)
  2 gnolls (D:2)
  2 dart slugs (D:2)
  An orc (D:3)
  5 ball pythons (D:1)
  3 endoplasms
  2 giant cockroaches
  7 goblins
  6 hobgoblins
  3 jackals (D:3)
  5 quokkas (D:2)
  5 bats
  2 frilled lizards (D:1)
  2 kobolds
  3 rats (D:1)
52 creatures vanquished.

Vanquished Creatures (others)
  44 plants (D:2)
44 creatures vanquished.

Grand Total: 96 creatures vanquished

Notes
Turn   | Place    | Note
-------+----------+-------------------------------------------
     0 | D:1      | leviel the Hill Orc Fighter began the quest for the Orb.
     0 | D:1      | Reached XP level 1. HP: 19/19 MP: 1/1
   287 | D:1      | Reached XP level 2. HP: 27/27 MP: 2/2
   969 | D:1      | Reached XP level 3. HP: 33/33 MP: 3/3
  1072 | D:2      | Reached skill level 4 in Fighting
  1131 | D:2      | Noticed Sigmund
  1142 | D:2      | Killed Sigmund
  1143 | D:2      | Reached XP level 4. HP: 18/41 MP: 4/4
  1143 | D:2      | Reached XP level 5. HP: 20/47 MP: 5/5
  1356 | D:2      | Noticed Natasha
  1362 | D:2      | Killed Natasha
  1506 | D:2      | Found a radiant altar of Vehumet.
  1553 | D:2      | Reached XP level 6. HP: 29/55 MP: 6/6
  1814 | D:2      | Noticed Natasha
  1823 | D:2      | Killed Natasha
  1876 | D:2      | Reached skill level 5 in Fighting
  1908 | D:2      | Noticed Natasha
  1920 | D:2      | Killed Natasha
  2633 | D:3      | Slain by an orc priest

Illustrated notes

Levels and vault maps discovered:
D:1:      dpeg_arrival_round_b, layout_basic
D:2:      wad_woods_stonehenge, layout_loops_ring, dk_noncrumbling_4,
          hangedman_decor_clover_reticule, minmay_misc_feat_roman, uniq_natasha,
          uniq_sigmund
D:3:      layout_rooms, nzn_hepliaklqana_mist_gate, slow_altar_2,
          basic_ecumenical_altar, minmay_misc_feat_rows

Skill      XL: |  1  2  3  4  5  6 |
---------------+-------------------+-----
Axes           | 3 4 |  4.6
Fighting       | 4 5 |  5.1
Throwing       | 2 |  2.4
Armour         | 4 |  4.6
Shields        | 4 |  4.0

Action                   |  1- 3 |  4- 6 || total
-------------------------+-------+-------++-------
Melee: War axe           |    60 |    98 ||   158
Throw: Dart              |     4 |     5 ||     9
  Use: Potion            |     1 |     1 ||     2
Armor: Scale mail        |    23 |       ||    23
       Plate armour      |     7 |    65 ||    72
Dodge: Dodged            |    29 |    32 ||    61
Block: Buckler           |    20 |    19 ||    39

Table legend: (Time is in decaauts)
 A = Elapsed time spent in this place.
 B = Non-inter-level travel time spent in this place.
 C = Inter-level travel time spent in this place.
 D = Time resting spent in this place.
 E = Time spent auto-exploring this place.
 F = Levels seen in this place.
 G = Mean time per level.
                   A        B        C        D        E       F      G
               +--------+--------+--------+--------+--------+-----+--------+
         Total |   2712 |   2606 |    106 |    221 |   1900 |   3 |  904.0 |
       Dungeon |   2712 |   2606 |    106 |    221 |   1900 |   3 |  904.0 |
               +--------+--------+--------+--------+--------+-----+--------+

Top non-repeatable levels by time:
     D:2: 1486 daAuts
     D:1: 1038 daAuts
     D:3: 187 daAuts
